 Dungeon Crawl Stone Soup version 0.14-a0-2071-g7172c92 (webtiles) character file.

78 Mitsuki the Digger (level 3, -3/28 HPs)
             Began as a Lava Orc Earth Elementalist on Jan 23, 2014.
             Slain by a gnoll
             ... wielding a +0,+0 whip
              (6 damage)
             ... on Level 2 of the Dungeon.
             The game lasted 00:07:13 (2018 turns).

Mitsuki the Digger (Lava Orc Earth Elementalist)    Turns: 2018, Time: 00:07:14

HP  -3/28        AC  4     Str 11      XL: 3   Next:  0%
MP   1/5         EV 12     Int 15      God:
Gold 50          SH  0     Dex 11      Spells:  1 memorised,  4 levels left

rFire  + . .     SeeInvis .     (no weapon)
rCold  . . .     Clarity  .     c - +0 orc robe
rNeg   . . .     Conserve .     (no shield)
rPois  .         rCorr    .     (no helmet)
rElec  .         rRot     .     (no cloak)
SustAb . .       Spirit   .     (no gloves)
rMut   .         Warding  .     (no boots)
Saprov + . .     Stasis   .     (no amulet)
MR     .....                    (no ring)
                                (no ring)

@: very slightly contaminated, not resistant to hostile enchantments, unstealthy
A: conserve scrolls, saprovore 1
a: no special abilities


You were on level 2 of the Dungeon.
You were not hungry.

You visited 1 branch of the dungeon, and saw 2 of its levels.

You collected 50 gold pieces.

Inventory:

Missiles
 b - 10 stones (quivered)
Armour
 c - a +0 orcish robe (worn)
Comestibles
 a - a meat ration
 m - a bread ration
Scrolls
 e - a scroll of enchant weapon I {unknown}
 h - a scroll of teleportation {unknown}
 i - a scroll of noise {unknown}
 k - a scroll of curse jewellery {unknown}
 o - a scroll of blinking {unknown}
 p - a scroll of identify {unknown}
Jewellery
 f - a +1 ring of protection {unknown}
Potions
 g - a potion of mutation {unknown}
 j - a potion of paralysis {unknown}
 l - a potion of might {unknown}
 n - a potion of agility {unknown}
 r - a potion of speed {unknown}
Books
 d - a book of Geomancy

   Spells                             Type                      Level
   *Sandblast                         Earth                        1
   Stoneskin                          Transmutation/Earth          2
   Passwall                           Transmutation/Earth          3
   Stone Arrow                        Conjuration/Earth            3
   Petrify                            Transmutation/Earth          4
   Lee's Rapid Deconstruction         Earth                        5


   Skills:
 * Level 1.3 Fighting
 + Level 2.0 Dodging
 - Level 1.5 Stealth
 + Level 1.7 Spellcasting
   Level 1.3 Transmutations
 + Level 3.7 Earth Magic


You had 4 spell levels left.
You knew the following spells:

 Your Spells              Type           Power        Failure   Level  Hunger
a - Sandblast             Erth           ##....       6%          1    ##.....


Dungeon Overview and Level Annotations

Branches:
Dungeon (2/16)

Altars:


Innate Abilities, Weirdness & Mutations

You have stony skin.
Your flesh is heat resistant.
Your flesh is vulnerable to cold.
Your heat harms attackers.
You bathe your surroundings in blazing heat.
You are too hot to use scrolls.
You are very good at protecting items from fire.
You can tolerate rotten meat.


Message History

You hit the gnoll.
The gnoll is almost dead.
The gnoll barely misses you.
You barely miss the gnoll.
The gnoll is almost dead.
The gnoll hits you with a whip.
* * * LOW HITPOINT WARNING * * *
Casting: Sandblast
Confirm with . or Enter, or press ? or * to list all spells.
You don't have enough magic to cast that spell.
Unknown command.
You hit the gnoll but do no damage.
The gnoll is almost dead.
The gnoll hits you with a whip.
* * * LOW HITPOINT WARNING * * *
You hit the gnoll but do no damage.
The gnoll is almost dead.
Your skin cools and hardens.
The gnoll hits you with a whip.
You die...

#.#.#....####.#
.####.#.##...#
#.........#...#
#####.#......#
#.#.##...#
#.#.##...#
#.#......#
#.....g..#
######@### #.# #.#
# ##.## ####.##
##...####.......
###.....#........#
..............# ..
######.###....##.
#.# #.###......


You could see a gnoll.

Vanquished Creatures
  A giant cockroach (D:2)
  5 goblins
  2 hobgoblins (D:1)
  5 bats
  7 jackals
  4 kobolds
  3 rats (D:1)
27 creatures vanquished.

Notes
Turn   | Place    | Note
--------------------------------------------------------------
     0 | D:1      | Mitsuki, the Lava Orc Earth Elementalist, began the quest for the Orb.
     0 | D:1      | Reached XP level 1. HP: 14/14 MP: 2/2
   880 | D:1      | Reached XP level 2. HP: 13/22 MP: 3/3
  1249 | D:1      | Reached skill level 1 in Fighting
  2009 | D:2      | Reached XP level 3. HP: 28/28 MP: 0/5
  2018 | D:2      | Slain by a gnoll

Action                   || total
-------------------------++-------
Melee: Unarmed           ||   168
 Cast: Sandblast         ||    28
 Stab: Sleeping          ||     1
